 Dungeon Crawl Stone Soup version 0.30-a0-718-geaa24f58ff (webtiles) character file.

Game seed: 172411635863088043

519 Absynth the Slasher (level 7, -2/54 HPs)
             Began as a Demonspawn Gladiator on Jan 26, 2023.
             Slain by a black bear (10 damage)
             ... on level 5 of the Dungeon.
             The game lasted 00:08:25 (3767 turns).

Absynth the Slasher (Demonspawn Gladiator)          Turns: 3767, Time: 00:08:26

Health: -2/54      AC:  8    Str: 14    XL:     7   Next: 1%
Magic:  7/7        EV:  8    Int: 12    God:
Gold:   347        SH: 12    Dex: 14    Spells: 6/6 levels left

rFire   + . .      SeeInvis .    a - +0 long sword
rCold   . . .      Faith    .    v - +0 kite shield
rNeg    . . .      Spirit   .    u - +0 scale mail
rPois   .          Reflect  .    (helmet restricted)
rElec   .          Harm     .    m - +0 cloak
rCorr   .          Rampage  .    (no gloves)
Will    .....                    (no boots) Stlth
                                 (no amulet)
HPRegen 0.29/turn                o - ring of protection from fire
MPRegen 0.10/turn                (no ring)

@: no status effects
A: antennae 2, rugged brown scales 1, condensation shield
a: no special abilities


You were on level 5 of the Dungeon.
You visited 1 branch of the dungeon, and saw 5 of its levels.

You collected 347 gold pieces.

Inventory:

Hand Weapons
 a - a +0 long sword (weapon)
Missiles
 d - 2 throwing nets (quivered)
 e - a javelin
 y - 2 poisoned darts
Armour
 m - a +0 cloak (worn)
 u - a +0 scale mail (worn)
 v - a +0 kite shield (worn)
Jewellery
 o - a ring of protection from fire (left hand)
Wands
 s - a wand of roots (8)
Scrolls
 f - a scroll of acquirement {unknown}
 g - 2 scrolls of magic mapping {unknown}
 h - 4 scrolls of identify {unknown}
 n - 2 scrolls of enchant armour {unknown}
 p - 2 scrolls of teleportation {unknown}
 q - a scroll of fog {unknown}
 r - 2 scrolls of fear {unknown}
 t - a scroll of silence {unknown}
 w - a scroll of enchant weapon {unknown}
 z - a scroll of summoning {unknown}
Potions
 b - a potion of lignification {unknown}
 c - a potion of ambrosia {unknown}
 i - 2 potions of curing {unknown}
 j - 3 potions of brilliance {unknown}
 k - 4 potions of mutation {unknown}
 l - a potion of flight {unknown}
 x - a potion of invisibility {unknown}


   Skills:
 + Level 3.8 Fighting
 * Level 5.1 Long Blades
 - Level 1.7 Throwing
 + Level 2.8 Armour
 - Level 3.4 Dodging
 + Level 1.4 Shields


You had 6 spell levels left.
You didn't know any spells.
Your spell library contained the following spells:

 Spells                   Type           Power      Damage    Failure   Level
 Ensorcelled Hibernation  Hex/Ice        0%         N/A       100%        2
 Frozen Ramparts          Ice            0%         1d1       100%        3
 Ozocubu's Armour         Ice            0%         N/A       100%        3
 Spider Form              Tmut/Pois      0%         N/A       100%        3
 Anguish                  Hex/Necr       0%         N/A       100%        4
 Ice Form                 Ice/Tmut       0%         N/A       100%        4
 Summon Ice Beast         Ice/Summ       0%         N/A       100%        4
 Metabolic Englaciation   Hex/Ice        0%         N/A       100%        5
 Simulacrum               Ice/Necr       0%         N/A       100%        6


Dungeon Overview and Level Annotations

Branches:
Dungeon (5/15)
 Temple: D:4-7

Altars:
Trog
Uskayaw


Innate Abilities, Weirdness & Mutations

You have a pair of antennae on your head.
You are partially covered in rugged brown scales. (AC +1, +3% HP)
A meltable shield of frost defends you. (SH +4)


Message History

You hit the black bear.
The black bear is almost dead.
You block the black bear's attack. The black bear claws you.
You block the black bear's attack. The black bear bites you.
The black bear claws you.
The black bear claws you but does no damage.
You hit the black bear.
The black bear is almost dead.
You block the black bear's attack.
The black bear claws you but does no damage. x2
The black bear bites you. You block the black bear's attack. x2
You barely miss the black bear.
The black bear is almost dead.
The black bear bites you but does no damage.
The black bear closely misses you. You block the black bear's attack.
The black bear bites you. The black bear closely misses you.
You block the black bear's attack.
You completely miss the black bear.
The black bear is almost dead.
The black bear bites you but does no damage.
The black bear claws you. The black bear closely misses you.
The black bear bites you. The black bear claws you.
The black bear claws you but does no damage.
You hit the black bear.
The black bear is almost dead.
The black bear bites you but does no damage.
The black bear claws you. The black bear barely misses you.
The black bear bites you!
* * * LOW HITPOINT WARNING * * *
The black bear claws you.
* * * LOW HITPOINT WARNING * * *
The black bear closely misses you.
You barely miss the black bear.
The black bear is almost dead.
You block the black bear's attack. The black bear claws you.
* * * LOW HITPOINT WARNING * * *
The black bear claws you.
* * * LOW HITPOINT WARNING * * *
The black bear bites you!
You die...

..........## ##..........
...#####...####...........
#...####...†...####.......
#...........#### .......
#..........## ##.......
.#.###≈≈≈..# ##........
≈.#.#..≈##.# #h.# #..
≈~##.##..#.## ###h##
#≈~#######..###.@## #.≈#
##..##..##
##.##≈###......##
##≈≈...###...# #≈..≈#####
##..######### #≈.≈
#..........## #.≈≈
#.....).....# #.~.
##.....##...# #...##
##..........##


You could see a black bear (berserk) and a hound.

Vanquished Creatures
  A phantom (D:4)
  3 scorpions
  3 hounds
  An orc priest (D:3)
  An orc wizard (D:3)
  2 adders
  An ufetubus (D:3)
  A worm (D:2)
  3 dart slugs
  7 orcs
  7 endoplasms
  7 giant cockroaches
  10 goblins
  9 hobgoblins
  6 jackals
  8 kobolds
  3 quokkas
  3 ball pythons
  6 bats
  3 frilled lizards
  4 rats
89 creatures vanquished.

Notes
Turn   | Place    | Note
-------+----------+-------------------------------------------
     0 | D:1      | Absynth the Demonspawn Gladiator began the quest for the
                  | Orb.
     0 | D:1      | Reached XP level 1. HP: 16/16 MP: 1/1
   142 | D:1      | Gained mutation: A meltable shield of frost defends you.
                  | (SH +4) [demonic ancestry]
   142 | D:1      | Reached XP level 2. HP: 18/22 MP: 2/2
   171 | D:1      | Reached skill level 3 in Long Blades
   524 | D:1      | Reached XP level 3. HP: 28/28 MP: 3/3
   765 | D:2      | Found a faded altar of an unknown god.
   805 | D:2      | Reached skill level 1 in Armour
  1581 | D:3      | Found a bloodstained altar of Trog.
  1651 | D:3      | Gained mutation: You have a pair of small antennae on your
                  | head. [demonic ancestry]
  1651 | D:3      | Reached XP level 4. HP: 29/34 MP: 4/4
  1790 | D:3      | Reached skill level 4 in Long Blades
  1790 | D:3      | Gained mutation: You are partially covered in rugged brown
                  | scales. (AC +1, +3% HP) [demonic ancestry]
  1790 | D:3      | Reached XP level 5. HP: 24/41 MP: 5/5
  2529 | D:4      | Found a hide-covered altar of Uskayaw.
  3022 | D:4      | Gained mutation: You have a pair of antennae on your head.
                  | [demonic ancestry]
  3022 | D:4      | Reached XP level 6. HP: 19/48 MP: 6/6
  3363 | D:4      | Reached skill level 1 in Shields
  3474 | D:5      | Entered Level 5 of the Dungeon
  3513 | D:5      | Reached skill level 5 in Long Blades
  3673 | D:5      | Reached XP level 7. HP: 49/54 MP: 7/7
  3767 | D:5      | Slain by a black bear

Illustrated notes

Levels and vault maps discovered:
D:1:      psy_arrival_statuary, layout_basic
D:2:      layout_loops_ring, nicolae_ecumenical_pavilion,
          minmay_misc_feat_pillars
D:3:      layout_loops_ring, mainiacjoe_overflow_six_doors_small
D:4:      layout_loops_ring, minmay_misc_feat_hallway, minmay_ruined_shrine
D:5:      layout_layer_cave, nicolae_ru_the_path_less_chosen,
          minmay_temple_entry_wispy, chequers_serial_rivers_small_b

Skill      XL: |  1  2  3  4  5  6 |
---------------+-------------------+-----
Long Blades    | 3 4 5 |  5.1
Dodging        | 3 |  3.4
Armour         | 1 2 |  2.8
Fighting       | 3 |  3.8
Shields        | 1 |  1.4
Throwing       | |  1.7

Action                     |  1- 3 |  4- 6 |  7- 9 || total
---------------------------+-------+-------+-------++-------
  Melee: Long sword        |   142 |   193 |     9 ||   344
         Punch             |     3 |     1 |       ||     4
  Throw: Throwing net      |       |     2 |     1 ||     3
   Stab: Sleeping          |       |     1 |       ||     1
         Held in net/web   |       |     1 |       ||     1
 Armour: Leather armour    |    50 |     9 |       ||    59
         Scale mail        |       |    83 |     7 ||    90
  Dodge: Dodged            |    79 |   115 |     5 ||   199
  Block: Other             |    23 |    24 |       ||    47
         Kite shield       |       |    41 |     8 ||    49

Table legend: (Time is in decaauts)
 A = Elapsed time spent in this place.
 B = Non-inter-level travel time spent in this place.
 C = Inter-level travel time spent in this place.
 D = Time resting spent in this place.
 E = Time spent auto-exploring this place.
 F = Levels seen in this place.
 G = Mean time per level.
                   A        B        C        D        E       F      G
               +--------+--------+--------+--------+--------+-----+--------+
         Total |   3855 |   3589 |    266 |    476 |   2233 |   5 |  771.0 |
       Dungeon |   3855 |   3589 |    266 |    476 |   2233 |   5 |  771.0 |
               +--------+--------+--------+--------+--------+-----+--------+

Top non-repeatable levels by time:
     D:4: 1064 daAuts
     D:3: 864 daAuts
     D:1: 839 daAuts
     D:2: 785 daAuts
     D:5: 301 daAuts
